 Dungeon Crawl Stone Soup version 0.25-a0-937-gcfae464cf3 (webtiles) character file.

Game seed: 12822613510703255056, levelgen mode: deterministic

27456 sanka the Spry (level 13, -10/107 HPs)
             Began as a Barachi Ice Elementalist on May 4, 2020.
             Was a High Priest of Vehumet.
             Engulfed by a cloud of freezing vapour (19 damage)
             ... in an ice cave.
             The game lasted 00:42:32 (13289 turns).

sanka the Spry (Barachi Ice Elementalist)          Turns: 13289, Time: 00:42:32

Health: -10/107    AC: 11    Str: 11    XL:     13   Next: 32%
Magic:  25/25      EV: 21    Int: 22    God:    Vehumet [*****.]
Gold:   679        SH:  0    Dex: 13    Spells: 2/28 levels left

rFire    . . .     SeeInvis .   a - +4 scimitar (freeze)
rCold    . . .     Gourm    .   K - +1 buckler {AC+3}
rNeg     . . .     Faith    .   h - +0 troll leather armour
rPois    .         Spirit   .   I - +0 helmet
rElec    .         Reflect  +   C - +1 cloak
rCorr    .         Harm     .   E - +0 pair of gloves
MR       .....                  (no boots)
Stlth    +.........             W - +4 amulet of reflection
HPRegen  0.67/turn              S - ring of wizardry
MPRegen  0.19/turn              p - +3 ring of intelligence

@: confused, studying Evocations, slow
A: +LOS, swims, slowness 1, strong legs 2
a: Hop, Renounce Religion


You were in an ice cave.
You worshipped Vehumet.
Vehumet was extremely pleased with you.
You were not hungry.

You visited 2 branches of the dungeon, and saw 14 of its levels.
You also visited: Ossuary and Ice Cave.

You collected 865 gold pieces.
You spent 186 gold pieces at shops.


Innate Abilities, Weirdness & Mutations

You can be seen from farther away. (+LOS)
You can swim through water.
You cover ground slowly.
You can hop long distances.


   Skills:
 + Level 11.9 Fighting
 * Level 15.2 Dodging
 - Level 1.7 Stealth
 - Level 4.0 Shields
 + Level 8.0 Spellcasting
 - Level 4.0 Conjurations
 - Level 4.0 Summonings
 - Level 12.0 Ice Magic


You had 2 spell levels left.
You knew the following spells:

 Your Spells              Type           Power        Failure   Level  Hunger
a - Ozocubu's Armour      Chrm/Ice       #####...     1%          3    None
c - Sticky Flame          Conj/Fire      ###.....     4%          4    ###....
u - Hailstorm             Conj/Ice       #####...     1%          4    ###....
x - Summon Ice Beast      Ice/Summ       #####...     1%          4    ###....
y - Frozen Ramparts       Ice            ######       1%          3    None
z - Freeze                Ice            ####         1%          1    None
X - Spellforged Servitor  Conj/Summ      ####......   77%         7    #######

Your spell library contained the following spells:

 Spells                   Type           Power        Failure   Level  Hunger
 Foxfire                  Conj/Fire      ###.         1%          1    None
 Summon Small Mammal      Summ           ####         1%          1    None
 Animate Skeleton         Necr           N/A          4%          1    None
 Apportation              Tloc           #.....       4%          1    None
 Corona                   Hex            #......      4%          1    None
 Conjure Flame            Conj/Fire      ###.....     1%          3    None
 Inner Flame              Hex/Fire       #.......     3%          3    None
 Fireball                 Conj/Fire      ###.......   13%         5    #####..

Inventory:

Hand Weapons
 a - a +4 scimitar of freezing (weapon)
 b - a +0 hunting sling
 L - the +1 long sword of the People {flame, Dex+4}

   It has been specially enchanted to burn those struck by it, causing extra
   injury to most foes and up to half again as much damage against particularly
   susceptible opponents.
   Big, fiery blades are also staple armaments of hydra-hunters.
   It affects your dexterity (+4).
 U - a +2 dagger of electrocution
 X - a +0 lajatang
Missiles
 k - 4 curare-tipped darts {=f}
 l - 51 sling bullets
 m - 389 stones (quivered)
Armour
 h - a +0 troll leather armour (worn)
 C - a +1 cloak (worn)
 E - a +0 pair of gloves (worn)
 I - a +0 helmet (worn)
 K - a +1 buckler of protection (worn)
Jewellery
 p - a +3 ring of intelligence (right hand)
 J - an uncursed ring of stealth
 S - a ring of wizardry (left hand)
 V - an uncursed amulet of regeneration
 W - a +4 amulet of reflection (around neck)
Wands
 y - a wand of random effects (13)
 B - a wand of disintegration (5)
 G - a wand of polymorph (23)
 T - a wand of digging (6)
Scrolls
 f - 5 scrolls of blinking
 i - 4 scrolls of enchant armour
 n - a scroll of fog
 s - 5 scrolls of enchant weapon
 t - 4 scrolls of remove curse
 u - a scroll of amnesia
 v - a scroll of identify {@r1}
 w - 6 scrolls of teleportation {@r4}
 x - a scroll of immolation {!r}
 z - 2 scrolls of fear
 D - 2 scrolls of summoning
 N - 8 scrolls of magic mapping
Potions
 d - 3 potions of might {unknown}
 e - 3 potions of resistance
 g - 4 potions of curing {@q1}
 j - 3 potions of ambrosia
 o - 3 potions of degeneration {unknown}
 r - a potion of haste {unknown}
 A - 4 potions of lignification {!q}
 M - a potion of mutation {unknown}
 O - a potion of heal wounds {unknown}
 P - 2 potions of flight {unknown}
 R - a potion of brilliance {unknown}
 Y - a potion of berserk rage {!q}
Books
 F - a manual of Evocations
Miscellaneous
 Q - a phial of floods
Comestibles
 c - 18 rations
 q - 11 chunks of flesh

Dungeon Overview and Level Annotations

Branches:
Dungeon (14/15)            Temple (1/1) D:5          Vaults (0/5) D:14
Ossuary (visited)           IceCv (1/1)
   Lair: D:8-11         Orc: D:9-12

Altars:
Cheibriados
Elyvilon
Fedhas
Hepliaklqana
Kikubaaqudgha
Makhleb
Nemelex Xobeh
Okawaru
Trog
Vehumet
Wu Jian
Xom
Yredelemnul
The Shining One

Shops:
D:5 ?   D:13 [   D:14 (

Portals:
Trove: D:13 (give +4 demon trident)

Annotations:
D:13 1 transporter

▒▒▒▒▒ ▒▒▒▒ ▒°▒☼▒▒
▒..▒▒▒▒▒▒▒ ▒▒§▒°▒
▒.∩÷...▒.▒▒▒§▒§▒▒ ▒▒▒▒
▒▒.÷∩.....▒▒▒F☼▒▒▒...▒▒
▒▒▒........▒▒▒.▒.....▒
▒▒▒▒÷▒▒▒..▒.▒...▒..▒
▒▒▒ ▒▒..≈..▒▒▒ ▒
▒▒...▒▒ ▒▒.▒▒ ▒▒▒


There were no monsters in sight!


Message History

You see here a polar bear corpse.
q - 12 chunks of flesh (gained 6)
You see here a polar bear skeleton.
You start resting.
You eat one of the 12 chunks of flesh.
Magic restored.
HP restored.
Search for what [Enter for "arch", or ? for help]? resist Unknown command.
Found 23 gold pieces and a ration.
Found 18 gold pieces.
You now have 672 gold pieces (gained 16).
You are engulfed in freezing vapours.
You see here 7 gold pieces.
You are engulfed in freezing vapours.
You are engulfed in freezing vapours.
You see here 18 gold pieces.
You are engulfed in freezing vapours.
* * * LOW HITPOINT WARNING * * *
You now have 679 gold pieces (gained 7).
You are engulfed in freezing vapours.
* * * LOW HITPOINT WARNING * * *
Number of times to repeat, then command key: You must enter the number of times for the command to repeat.
You are engulfed in freezing vapours.
* * * LOW HITPOINT WARNING * * *
You are confused.
You feel invigorated.
You are engulfed in freezing vapours.
You die...

Action                   |  1- 3 |  4- 6 |  7- 9 | 10-12 | 13-15 || total
-------------------------+-------+-------+-------+-------+-------++-------
Melee: Dagger            |    14 |       |       |    22 |    18 ||    54
       Short sword       |     2 |       |       |       |       ||     2
       Mace              |     4 |     5 |       |       |       ||     9
       Flail             |       |     8 |    80 |    54 |       ||   142
       Scimitar          |       |       |       |    76 |    21 ||    97
       Long sword        |       |       |       |    12 |       ||    12
 Fire: Hunting sling     |       |       |       |    10 |       ||    10
 Cast: Freeze            |    38 |    58 |    66 |   104 |    35 ||   301
       Frozen Ramparts   |     2 |    10 |    26 |    37 |     9 ||    84
       Ozocubu's Armour  |       |     1 |    14 |    28 |     7 ||    50
       Summon Ice Beast  |       |       |    11 |    43 |     9 ||    63
 Abil: Hop               |     1 |     1 |       |     2 |       ||     4
Evoke: Wand              |       |       |       |     4 |     6 ||    10
  Use: Scroll            |       |       |     6 |     2 |     6 ||    14
       Potion            |       |       |       |     3 |     1 ||     4
 Stab: Distracted        |       |       |       |     3 |       ||     3
       Sleeping          |       |       |       |       |     1 ||     1
  Eat: Chunk             |     5 |     9 |    15 |    18 |     2 ||    49
       Ration            |       |       |       |       |     1 ||     1
Armor: Robe              |    10 |       |       |       |       ||    10
       Troll leather arm |     4 |    22 |    86 |   134 |    20 ||   266
Dodge: Dodged            |    41 |    46 |   124 |   262 |    72 ||   545
Block: Buckler           |       |       |       |   116 |    38 ||   154
       Reflection        |       |       |       |     7 |       ||     7
       Rpst.: Scimitar   |       |       |       |    29 |    15 ||    44
       Long sword        |       |       |       |     5 |       ||     5

Levels and vault maps discovered:
D:1:      wheals_arrival_linesprint, layout_basic,
          minmay_misc_feat_more_columns, nrook_mini_vaults
D:2:      kennysheep_the_goblin_king, layout_loops_ring, elyvilon_altar_3,
          chequers_ecumenical_altar_simple_redux
D:3:      layout_basic, lemuel_doored_altar, tso_altar
D:4:      layout_basic, kennysheep_little_box, bloody_trog, first_ration
D:5:      layout_loops_ring, lemuel_round_altar, lemuel_round_altar,
          minmay_temple_entry_grid, serial_shops, shop, uniq_sigmund,
          uniq_crazy_yiuf_cottage
D:6:      layout_loops_cross, chequers_ossuary_entry_cave, grunt_ministairs_8,
          uniq_menkaure
D:7:      layout_gridville, grunt_livestock, minmay_manual_monstrance
D:8:      layout_loops_ring, okawaru_trees_2, kennysheep_mini,
          gammafunk_ghost_spectres, nicolae_sextant
D:9:      layout_cave_pools, lemuel_coloured_pillars_altar, xom_butterflies,
          ebering_ghost_funeral_grove
D:10:     layout_cave_pools
D:11:     layout_rooms, lair_entry_dummy, special_room [special_room_bee],
          bloody_makhleb
D:13:     gammafunk_beogh_shrine, layout_basic, portal_ice_cave_demonic_guard,
          basic_altar, enter_trove_6, serial_shops, shop
D:14:     layout_rooms, grunt_vaults_entry_tiered, serial_shops,
          nicolae_shop_trees, minivault_19
Temple:   minmay_temple_curvy_loop
IceCv:    ice_cave_caverns_02

Notes
Turn   | Place    | Note
-------+----------+-------------------------------------------
     0 | D:1      | sanka the Barachi Ice Elementalist began the quest for the
                  | Orb.
     0 | D:1      | Reached XP level 1. HP: 13/13 MP: 3/3
   199 | D:1      | Reached skill level 5 in Ice Magic
   532 | D:1      | Reached XP level 2. HP: 17/19 MP: 3/5
  1882 | D:2      | Reached skill level 3 in Spellcasting
  1883 | D:2      | Reached XP level 3. HP: 20/24 MP: 3/7
  2062 | D:2      | Learned a level 3 spell: Frozen Ramparts
  2067 | D:2      | Learned a level 3 spell: Ozocubu's Armour
  2158 | D:2      | Found a faded altar of an unknown god.
  2176 | D:2      | Reached XP level 4. HP: 30/30 MP: 3/9
  2530 | D:2      | Reached skill level 6 in Ice Magic
  2895 | D:2      | Found a white marble altar of Elyvilon.
  3214 | D:3      | Found a sparkling altar of Nemelex Xobeh.
  3565 | D:3      | Reached XP level 5. HP: 35/35 MP: 7/10
  3772 | D:3      | Found a glowing golden altar of the Shining One.
  3833 | D:3      | Learned a level 4 spell: Summon Ice Beast
  3858 | D:4      | Found a bloodstained altar of Trog.
  3858 | D:4      | Noticed an ogre
  3871 | D:4      | Killed an ogre
  3871 | D:4      | Reached skill level 4 in Spellcasting
  3871 | D:4      | Reached skill level 2 in Summonings
  4085 | D:4      | Reached XP level 6. HP: 41/41 MP: 8/12
  4087 | D:4      | Reached skill level 7 in Ice Magic
  4134 | D:4      | Reached skill level 3 in Summonings
  4283 | D:4      | Found a basalt altar of Yredelemnul.
  4647 | D:5      | Entered Level 5 of the Dungeon
  4668 | D:5      | Found an ornate altar of the Wu Jian Council.
  4720 | D:5      | Found a staircase to the Ecumenical Temple.
  4732 | Temple   | Entered the Ecumenical Temple
  4768 | Temple   | Became a worshipper of Vehumet
  4792 | D:5      | Noticed Sigmund
  4803 | D:5      | Killed Sigmund
  4803 | D:5      | Reached skill level 5 in Spellcasting
  4803 | D:5      | Reached skill level 4 in Summonings
  4803 | D:5      | Reached XP level 7. HP: 33/46 MP: 3/14
  4890 | D:5      | Found Dasinur's Magic Scroll Emporium.
  4897 | D:5      | Bought a scroll of identify for 24 gold pieces
  5312 | D:5      | Found a blossoming altar of Fedhas.
  5431 | D:5      | Found a runed translucent door.
  5432 | D:5      | Noticed Crazy Yiuf
  5440 | D:5      | Killed Crazy Yiuf
  5561 | D:5      | Bought a scroll of blinking for 90 gold pieces
  5561 | D:5      | Bought a scroll of teleportation for 36 gold pieces
  5561 | D:5      | Bought a scroll of remove curse for 36 gold pieces
  5594 | D:6      | Noticed a hornet
  5598 | D:6      | Killed a hornet
  5598 | D:6      | Reached skill level 8 in Ice Magic
  5675 | D:6      | Noticed Menkaure
  5694 | D:6      | Killed Menkaure
  5694 | D:6      | Reached skill level 6 in Spellcasting
  5694 | D:6      | Reached XP level 8. HP: 27/52 MP: 1/17
  5751 | D:6      | Reached skill level 9 in Ice Magic
  5815 | D:6      | Found a sand-covered staircase.
  5829 | Ossuary  | Entered an ossuary
  5858 | Ossuary  | Reached * piety under Vehumet
  5858 | Ossuary  | Offered knowledge of Foxfire by Vehumet.
  6533 | D:7      | Reached skill level 10 in Ice Magic
  6720 | D:7      | Reached skill level 1 in Fighting
  6720 | D:7      | Reached skill level 3 in Dodging
  6736 | D:7      | Reached skill level 2 in Fighting
  6736 | D:7      | Reached skill level 4 in Dodging
  7218 | D:6      | Reached skill level 3 in Fighting
  7254 | D:7      | Reached skill level 5 in Dodging
  7254 | D:7      | Reached XP level 9. HP: 63/63 MP: 13/18
  7518 | D:7      | Reached skill level 4 in Fighting
  7518 | D:7      | Reached skill level 6 in Dodging
  7522 | D:7      | Reached skill level 7 in Dodging
  7526 | D:7      | Reached skill level 5 in Fighting
  7541 | D:7      | Learned a level 4 spell: Hailstorm
  7796 | D:8      | Found an iron altar of Okawaru.
  7803 | D:8      | Reached skill level 1 in Conjurations
  7835 | D:8      | Offered knowledge of Magic Dart by Vehumet.
  7892 | D:8      | Reached ** piety under Vehumet
  8060 | D:8      | Reached skill level 8 in Dodging
  8177 | D:8      | Reached skill level 2 in Conjurations
  8249 | D:8      | Reached XP level 10. HP: 76/76 MP: 7/19
  8347 | D:8      | Found a runed translucent gate.
  8348 | D:8      | Found a runed translucent gate.
  8350 | D:8      | Found a runed translucent gate.
  8352 | D:8      | Noticed Hasart's ghost (novice DEWz)
  8364 | D:8      | Killed Hasart's ghost
  8364 | D:8      | Reached skill level 6 in Fighting
  8567 | D:8      | Reached skill level 3 in Conjurations
  8745 | D:8      | Reached skill level 9 in Dodging
  8975 | D:8      | Found a burning altar of Makhleb.
  9127 | D:9      | Offered knowledge of Ignite Poison by Vehumet.
  9364 | D:9      | Reached skill level 1 in Shields
  9372 | D:9      | Reached *** piety under Vehumet
  9424 | D:9      | Reached skill level 7 in Spellcasting
  9568 | D:9      | Noticed a two-headed ogre
  9581 | D:9      | Killed a two-headed ogre
  9581 | D:9      | Reached skill level 7 in Fighting
  9581 | D:9      | Reached skill level 2 in Shields
  9581 | D:9      | Reached skill level 4 in Conjurations
  9731 | D:9      | Noticed DOPEyDwarf's ghost (novice DECj)
  9732 | D:9      | Found a runed translucent door.
  9732 | D:9      | Identified the +3 spear of Jetayzu {antimagic, Str+3}
  9735 | D:9      | Found a shimmering altar of Xom.
  9796 | D:9      | Offered knowledge of Static Discharge by Vehumet.
  9796 | D:9      | Reached skill level 11 in Ice Magic
  9932 | D:9      | Found an ancient bone altar of Kikubaaqudgha.
 10068 | D:9      | Reached XP level 11. HP: 84/84 MP: 5/21
 10071 | D:9      | Reached skill level 10 in Dodging
 10095 | D:9      | Killed DOPEyDwarf's ghost
 10095 | D:9      | Reached skill level 3 in Shields
 10244 | D:10     | Entered Level 10 of the Dungeon
 10938 | D:11     | Reached **** piety under Vehumet
 10958 | D:11     | Found a burning altar of Makhleb.
 11123 | D:14     | Offered knowledge of Inner Flame by Vehumet.
 11162 | D:14     | Noticed an ogre mage
 11162 | D:14     | Noticed a two-headed ogre
 11162 | D:14     | Noticed a two-headed ogre
 11167 | D:14     | Killed an ogre mage
 11167 | D:14     | Reached skill level 8 in Fighting
 11174 | D:14     | Killed a two-headed ogre
 11174 | D:14     | Reached skill level 4 in Shields
 11179 | D:14     | Killed a two-headed ogre
 11179 | D:14     | Reached skill level 11 in Dodging
 11179 | D:14     | Reached skill level 8 in Spellcasting
 11193 | D:14     | Noticed a two-headed ogre
 11200 | D:14     | Noticed a manticore
 11203 | D:14     | Identified 4 potions of resistance
 11206 | D:14     | Killed a two-headed ogre
 11211 | D:14     | Killed a manticore
 11371 | D:14     | Noticed a two-headed ogre
 11372 | D:14     | Noticed a two-headed ogre
 11374 | D:14     | Noticed an ogre mage
 11378 | D:14     | Noticed a two-headed ogre
 11380 | D:14     | Killed a two-headed ogre
 11386 | D:14     | Noticed a two-headed ogre
 11386 | D:14     | Killed a two-headed ogre
 11386 | D:14     | Reached skill level 9 in Fighting
 11386 | D:14     | Reached skill level 12 in Ice Magic
 11386 | D:14     | Reached XP level 12. HP: 95/95 MP: 11/24
 11392 | D:14     | Killed an ogre mage
 11392 | D:14     | Reached skill level 12 in Dodging
 11393 | D:14     | Killed a two-headed ogre
 11396 | D:14     | Killed a two-headed ogre
 11583 | D:14     | Found Konod's Weapon Shop.
 11759 | D:14     | Noticed a centaur warrior
 11772 | D:14     | Killed a centaur warrior
 11865 | D:14     | Reached skill level 10 in Fighting
 11868 | D:14     | Reached skill level 13 in Dodging
 12123 | D:14     | Got an ichor-stained long sword
 12124 | D:14     | Identified the +1 long sword of the People {flame, Dex+4}
                  | (You found it on level 14 of the Dungeon)
 12416 | D:14     | Found a gate to the Vaults.
 12416 | D:14     | Noticed a vault guard
 12416 | D:14     | Noticed a vault guard
 12416 | D:14     | Noticed a vault guard
 12416 | D:14     | Noticed a vault guard
 12438 | D:14     | Killed a vault guard
 12441 | D:14     | Killed a vault guard
 12449 | D:14     | Killed a vault guard
 12449 | D:14     | Reached skill level 11 in Fighting
 12449 | D:14     | Reached skill level 14 in Dodging
 12457 | D:14     | Killed a vault guard
 12457 | D:14     | Gained mutation: You can hop long distances. [Barachi
                  | growth]
 12457 | D:14     | Reached XP level 13. HP: 50/106 MP: 19/25
 12662 | D:13     | Found a snail-covered altar of Cheibriados.
 12681 | D:13     | Reached ***** piety under Vehumet
 12709 | D:13     | Found a transporter.
 12741 | D:13     | Offered knowledge of Spellforged Servitor by Vehumet.
 12865 | D:13     | Reached skill level 15 in Dodging
 12925 | D:13     | Found a portal to a secret trove of treasure.
 13054 | D:13     | Learned a level 4 spell: Sticky Flame
 13072 | D:13     | Found Uzuixeil's Antique Armour Emporium.
 13088 | D:13     | Found a frozen archway.
 13172 | IceCv    | Entered an ice cave
 13229 | IceCv    | Learned a level 7 spell: Spellforged Servitor
 13288 | IceCv    | HP: 8/107 [something (10)]
 13289 | IceCv    | Engulfed by a cloud of freezing vapour

Vanquished Creatures
  4 vault guards (D:14)
  A centaur warrior (D:14)
  7 two-headed ogres
  An ogre mage (D:14)
  A wizard (D:14)
  3 necromancers (D:14)
  The ghost of Hasart the Magician, a novice DEWz of Vehumet (D:8)
  An ugly thing (D:13)
  A deep elf mage (D:13)
  A manticore (D:14)
  A centaur zombie (D:14)
  2 ice devils (D:13)
  A freezing wraith (D:14)
  A polar bear (IceCv)
  2 hornets
  3 hippogriffs
  2 slime creatures (D:13)
  2 spriggans (D:9)
  Sigmund (D:5)
  A wyvern (D:9)
  5 yaks
  A wraith (D:8)
  A vampire (D:13)
  17 humans
  A basilisk (D:14)
  3 hogs (D:7)
  A steam dragon (D:11)
  7 sky beasts
  2 ice beasts
  3 orc warriors
  A phantom (D:8)
  5 centaurs (D:14)
  2 wolves (IceCv)
  7 ogres
  A crocodile (D:7)
  3 big kobolds
  9 bullfrogs
  2 gnoll sergeants (D:8)
  2 scorpions
  13 wights
  A quasit (D:9)
  4 crimson imps
  4 hounds
  An orc priest (D:9)
  3 iguanas
  A bullfrog skeleton (D:10)
  7 orc wizards
  10 worker ants
  A killer bee zombie (D:9)
  A big kobold zombie (Ossuary)
  A hound zombie (Ossuary)
  4 mummies (Ossuary)
  20 gnolls
  2 worker ant zombies
  9 adders
  2 shadow imps
  An ooze (D:2)
  An adder zombie (D:7)
  3 worms
  2 dart slugs
  A leopard gecko (D:1)
  24 orcs
  8 bats
  5 giant cockroaches
  8 goblins
  5 hobgoblins (D:2)
  7 jackals
  19 kobolds
  3 quokkas
  3 frilled lizards
  2 gnoll zombies (Ossuary)
  A jackal skeleton (D:8)
  A leopard gecko zombie (D:5)
  7 rats
  A butterfly (D:9)
  A fungus (D:5)
297 creatures vanquished.

Vanquished Creatures (collateral kills)
  An ogre mage (D:14)
  2 two-headed ogres (D:14)
  The ghost of DOPEyDwarf the Destroyer, a novice DECj (D:9)
  A manticore (D:13)
  A polar bear (IceCv)
  3 slime creatures (D:13)
  A spriggan (D:9)
  A yak (D:10)
  3 wraiths
  A human (D:14)
  Menkaure (D:6)
  2 hungry ghosts
  A black bear (D:9)
  An ogre (D:14)
  A wolf (IceCv)
  2 wights (D:9)
  Crazy Yiuf (D:5)
  An orc wizard (D:13)
  An orc priest (D:9)
  An iguana (D:6)
  A hound zombie (Ossuary)
  An adder zombie (Ossuary)
  An orc (D:13)
  2 hobgoblin zombies (Ossuary)
  A jackal zombie (Ossuary)
  A kobold zombie (Ossuary)
  An orc zombie (Ossuary)
  A rat zombie (Ossuary)
36 creatures vanquished.

Vanquished Creatures (others)
  3 plants (D:9)
3 creatures vanquished.

Grand Total: 336 creatures vanquished
